 Dungeon Crawl Stone Soup version 0.19-a0-1097-g38e3b35 (webtiles) character file.

392 hairmachine the Basher (level 6, -10/51 HPs)
             Began as a Minotaur Abyssal Knight on Aug 8, 2016.
             Was a Priest of Lugonu.
             Mangled by Pikel
             ... wielding a +2 whip of electrocution
              (19 damage)
             ... on level 4 of the Dungeon.
             The game lasted 00:07:59 (3675 turns).

hairmachine the Basher (Minotaur Abyssal Knight)    Turns: 3675, Time: 00:08:00

Health: -10/51     AC:  6    Str: 17    XL:     6   Next: 50%
Magic:  6/6        EV:  9    Int:  9    God:    Lugonu [***...]
Gold:   207        SH:  0    Dex: 11    Spells: 0 memorised, 5 levels left

rFire  . . .     SeeInvis .     s - +0 flail
rCold  . . .     Gourm    .     k - +0 scale mail
rNeg   . . .     Faith    .     (no shield)
rPois  .         Spirit   .     (helmet restricted)
rElec  .         Dismiss  .     (no cloak)
rCorr  .         Reflect  .     (no gloves)
SustAt .         Harm     .     (no boots)
MR     .....                    (no amulet)
Stlth  ..........               (no ring)
                                (no ring)

@: drained
A: retaliatory headbutt, horns 2
a: Depart the Abyss, Bend Space, Banish, Renounce Religion


You were on level 4 of the Dungeon.
You worshipped Lugonu.
Lugonu was most pleased with you.
You were not hungry.

You visited 1 branch of the dungeon, and saw 4 of its levels.
You visited the Abyss 1 time.

You collected 207 gold pieces.

Inventory:

Hand Weapons
 s - a +0 flail (weapon)
Armour
 k - a +0 scale mail (worn)
Jewellery
 w - an uncursed amulet of faith {unknown}
 C - an uncursed amulet of the gourmand {unknown}
Scrolls
 d - 3 scrolls of magic mapping {unknown}
 e - a scroll of immolation {unknown}
 h - a scroll of random uselessness {unknown}
 j - 5 scrolls of identify {unknown}
 l - 2 scrolls of fog {unknown}
 m - 2 scrolls of teleportation {unknown}
 n - 2 scrolls of enchant armour {unknown}
 o - 2 scrolls of remove curse {unknown}
 r - a scroll of amnesia {unknown}
Potions
 b - 2 potions of heal wounds
 g - a potion of cancellation {unknown}
 i - 2 potions of cure mutation {unknown}
 q - 2 potions of degeneration {unknown}
 u - 3 potions of curing {unknown}
 v - a potion of haste {unknown}
 z - a potion of might {unknown}
 A - 2 potions of lignification {unknown}
Books
 y - a book of Battle

   Spells                             Type                      Level
   a - Infusion                       Charms                       1
   b - Shroud of Golubria             Charms/Translocation         2
   c - Song of Slaying                Charms                       2
   d - Spectral Weapon                Hexes/Charms                 3
   e - Regeneration                   Charms/Necromancy            3
Comestibles
 a - a royal jelly
 c - 6 bread rations
 f - 7 meat rations
 p - a slice of pizza
 t - a beef jerky
 x - 3 fruits


   Skills:
 - Level 3.6(3.4) Fighting
 + Level 8.4(8.3) Maces & Flails
 - Level 2.5(2.3) Armour
 - Level 1.1(0.9) Dodging
 - Level 1.7(1.6) Invocations


You had 5 spell levels left.
You didn't know any spells.

Dungeon Overview and Level Annotations

Branches:
Dungeon (4/15)
 Temple: D:4-7

Altars:
Cheibriados
Elyvilon
Hepliaklqana
Kikubaaqudgha
Pakellas
Ru

Annotations:
D:4 Pikel


Innate Abilities, Weirdness & Mutations

You reflexively headbutt those who attack you in melee.
You have a pair of horns on your head.


Message History

Pikel is severely wounded.
You barely miss Pikel.
Pikel is severely wounded.
Pikel barely misses you.
You barely miss Pikel.
Pikel is severely wounded.
Pikel barely misses you. You furiously retaliate!
You headbutt Pikel! You miss Pikel.
Pikel is almost dead.
Pikel hits you but does no damage.
You are electrocuted!
* * * LOW HITPOINT WARNING * * *
You closely miss Pikel.
Pikel is almost dead.
Pikel hits you but does no damage.
You barely miss Pikel. You headbutt Pikel, but do no damage.
Pikel is almost dead.
Pikel hits you with a whip of electrocution.
* * * LOW HITPOINT WARNING * * *
You are electrocuted!
You die...

#.....#.### ##.
#.......... .K<
#..)..#.#### #p#
##'#........ ...
.#)#.##....# #p#
.#.#.##....# #.#
...........#.#.# ###
#........<...#p####.....
........##....pK@..# #
...........###.###.# ..
......#.######.###.#.#
......#.# #........#
......# # #.....####
......# #####.....#
......#.#.........#
......#.#.........#
......#.#.........#


You could see Pikel and 2 slaves.

Vanquished Creatures
  A slave (D:4)
  A phantom (D:4)
  2 orc priests
  An orc wizard (D:3)
  Jessica (D:2)
  Robin (D:2)
  8 adders
  An adder skeleton (D:4)
  3 worms
  2 dart slugs
  2 giant geckos
  12 orcs
  5 bats
  4 giant cockroaches
  10 goblins
  9 hobgoblins
  10 jackals
  2 quokkas
  5 giant newts
  5 kobolds
  7 rats
92 creatures vanquished.

Notes
Turn   | Place    | Note
-------+----------+-------------------------------------------
     0 | Abyss:1  | hairmachine the Minotaur Abyssal Knight began the quest for the Orb.
     0 | Abyss:1  | Reached XP level 1. HP: 19/19 MP: 1/1
    33 | D:1      | Escaped the Abyss
   671 | D:1      | Reached skill level 3 in Maces & Flails
   825 | D:1      | Reached XP level 2. HP: 20/26 MP: 2/2
  1156 | D:2      | Reached skill level 4 in Maces & Flails
  1198 | D:2      | Noticed Jessica
  1210 | D:2      | Killed Jessica
  1210 | D:2      | Reached XP level 3. HP: 17/31 MP: 3/3
  1211 | D:2      | Found a hazy altar of Hepliaklqana.
  1386 | D:2      | Found an ancient bone altar of Kikubaaqudgha.
  1418 | D:2      | Reached ** piety under Lugonu
  1494 | D:2      | Noticed Robin
  1498 | D:2      | Found a sacrificial altar of Ru.
  1505 | D:2      | Reached skill level 5 in Maces & Flails
  1533 | D:2      | Killed Robin
  1533 | D:2      | Reached XP level 4. HP: 19/39 MP: 4/4
  2035 | D:3      | Found a white marble altar of Elyvilon.
  2098 | D:3      | Reached *** piety under Lugonu
  2098 | D:3      | Reached skill level 6 in Maces & Flails
  2105 | D:3      | Reached XP level 5. HP: 20/45 MP: 5/5
  2336 | D:3      | Found a snail-covered altar of Cheibriados.
  2399 | D:3      | Reached skill level 7 in Maces & Flails
  3153 | D:4      | Found an oddly glowing altar of Pakellas.
  3222 | D:4      | Reached XP level 6. HP: 50/51 MP: 6/6
  3354 | D:4      | Reached skill level 8 in Maces & Flails
  3641 | D:4      | Noticed a slave
  3642 | D:4      | Noticed a slave
  3644 | D:4      | Noticed Pikel
  3657 | D:4      | Killed a slave
  3661 | D:4      | Noticed a slave
  3675 | D:4      | Mangled by Pikel

Vault maps used:
D:1:      minmay_arrival_plants_in_alcoves
D:2:      nicolae_ru_the_path_less_chosen, overflow_temple_1_default,
          lemuel_crystal_altar, uniq_jessica, uniq_robin
D:3:      lemuel_crystal_altar, lemuel_round_altar, first_bread, st_stairs_2
D:4:      nicolae_gozag_zags_fifth_avenue, grunt_pakellas_mercury, st_stairs_5,
          uniq_pikel
Abyss:1:  bh_abyss_negative

Skill      XL: |  1  2  3  4  5  6 |
---------------+-------------------+-----
Maces & Flails | 3 4 5 6 7 8 |  8.4
Fighting       | |  3.6
Armour         | |  2.5
Dodging        | |  1.1
Invocations    | |  1.7

Action                   |  1- 3 |  4- 6 || total
-------------------------+-------+-------++-------
Melee: Mace              |    83 |    42 ||   125
       Headbutt          |     5 |    28 ||    33
       Flail             |       |   118 ||   118
  Use: Potion            |     1 |     2 ||     3
  Eat: Chunk             |     2 |     7 ||     9
Armor: Scale mail        |    33 |    61 ||    94
       Leather armour    |     1 |       ||     1
Dodge: Dodged            |    46 |    73 ||   119
